 Dungeon Crawl Stone Soup version 0.29-a0-284-gf9362112df (webtiles) character file.

Game seed: 17835536274084405781

284 Dabor the Covered (level 6, -1/39 HPs)
             Began as a Gargoyle Fighter on Mar 14, 2022.
             Slain by a goblin
             ... wielding a +0 club
             ... led by Robin
              (2 damage)
             ... on level 4 of the Dungeon.
             The game lasted 00:04:06 (3159 turns).

Dabor the Covered (Gargoyle Fighter)                Turns: 3159, Time: 00:04:07

Health: -1/39      AC: 12    Str: 21 (22) XL:     6   Next: 29%
Magic:  0/6        EV:  9    Int:  4 (6)  God:
Gold:   156        SH:  4    Dex:  8 (9)  Spells: 5/5 levels left

rFire   . . .      SeeInvis .   a - +0 flail (elec)
rCold   . . .      Faith    .   c - +0 buckler
rNeg    + . .      Spirit   +   b - +0 scale mail
rPois   ∞          Reflect  .   (no helmet)
rElec   +          Harm     .   (no cloak)
rCorr   .          Rampage  .   (no gloves)
Will    .....                   m - +0 pair of boots
Stlth   ..........              f - amulet of guardian spirit
HPRegen 0.13/turn               o - ring of flight
MPRegen 0.10/turn               (no ring)

@: attractive, flying
A: sickness immunity, AC +4, negative energy resistance 1, electricity
resistance, torment resistance 1, petrification resistance, dopey 1
a: no special abilities


You were on level 4 of the Dungeon.
You visited 1 branch of the dungeon, and saw 4 of its levels.

You collected 156 gold pieces.

Inventory:

Hand Weapons
 a - a +0 flail of electrocution (weapon)
Armour
 b - a +0 scale mail (worn)
 c - a +0 buckler (worn)
 m - a +0 pair of boots (worn)
Jewellery
 f - an amulet of guardian spirit (around neck)
 o - a ring of flight (left hand)
Scrolls
 p - 2 scrolls of identify
Potions
 j - 2 potions of degeneration


   Skills:
 + Level 4.6 Fighting
 + Level 3.6 Maces & Flails
 + Level 4.7 Armour
 + Level 4.6 Shields


You had 5 spell levels left.
You didn't know any spells.
Your spell library contained the following spells:

 Spells                   Type           Power      Damage    Failure   Level
 Summon Guardian Golem    Hex/Summ       0%         N/A       99%         3
 Orb of Destruction       Conj           0%         9d5       100%        7
 Spellforged Servitor     Conj/Summ      0%         N/A       100%        7


Dungeon Overview and Level Annotations

Branches:
Dungeon (4/15)
 Temple: D:4-7

Altars:
Sif Muna

Annotations:
D:4 Robin


Innate Abilities, Weirdness & Mutations

You are immune to sickness and miasma.
Your stone body is resilient. (AC +4)
You are immune to poison.
You resist negative energy. (rN+)
You are resistant to electric shocks. (rElec)
You are resistant to unholy torment.
You are immune to petrification.
You are dopey. (Int -2)


Message History

You sock Edmund!
Edmund is severely wounded.
The goblin hits you with a +0 club. Edmund hits you with a +2 vorpal flail.
Robin says, "My army is invincible!"
Robin roars a battlecry!
The goblins go into a battle-frenzy!
You block the goblin's attack. Edmund hits you with a +2 vorpal flail.
* * * LOW HITPOINT WARNING * * *
x2 The goblin barely misses you.
The goblin hits you with a +0 club.
* * * LOW HITPOINT WARNING * * *
You closely miss Edmund.
Edmund is severely wounded.
Edmund hits you but does no damage. The goblin hits you but does no damage.
You block the goblin's attack.
You closely miss Edmund.
Edmund is severely wounded.
Edmund hits you with a +2 vorpal flail.
* * * LOW HITPOINT WARNING * * *
x2 The goblin hits you with a +0 club.
* * * LOW HITPOINT WARNING * * *
The goblin hits you but does no damage.
You sock Edmund! Lightning courses through Edmund!
You kill Edmund!
The goblin hits you but does no damage. The goblin misses you.
The goblin unwields a +0 dagger.
The goblin wields a +0 hunting sling.
The goblin shoots a sling bullet.
The sling bullet closely misses you.
The sling bullet misses the goblin.
The goblin is attracted toward you. Robin is attracted toward you.
The goblin is attracted toward you. Something is attracted toward you.
You feel your strength returning.
You feel your intelligence returning.
You have reached level 6!
You closely miss the goblin.
The goblin no longer looks unusually strong.
The goblin barely misses you.
Robin hits you from afar with a +0 spear.
* * * LOW HITPOINT WARNING * * *
The goblin hits you but does no damage.
The goblin unwields a +0 hunting sling.
The goblin wields a +0 dagger.
The goblin barely misses you. You block the goblin's attack.
The goblin hits you with a +0 club.
You die...

#)# #######.# #.......#
#.###.#.# .. #.#.### .#
#.....# .# #...#.# .#
###...#.#######.#
........g@ggggg.####.#
.......#.g###gg.......#
#.####.....# #.#.#.....
# #..#.## #.#.)..#)#
#..#.# #.#.#..# ... #..
.......# #### ### #.###
.# ... .g #. .g


You could see Robin and 6 goblins.

Vanquished Creatures
  Edmund (D:4)
  A hound (D:3)
  Natasha (D:2)
  A gnoll (D:1)
  4 adders (D:2)
  2 dart slugs
  An orc (D:3)
  8 ball pythons
  5 bats
  6 endoplasms
  2 giant cockroaches
  7 goblins
  4 hobgoblins
  9 kobolds
  4 quokkas
  A frilled lizard (D:1)
  3 rats (D:1)
60 creatures vanquished.

Notes
Turn   | Place    | Note
-------+----------+-------------------------------------------
     0 | D:1      | Dabor the Gargoyle Fighter began the quest for the Orb.
     0 | D:1      | Reached XP level 1. HP: 14/14 MP: 1/1
   140 | D:1      | Reached XP level 2. HP: 15/19 MP: 2/2
   641 | D:1      | Reached XP level 3. HP: 1/24 MP: 0/3
  1186 | D:1      | Found a faded altar of an unknown god.
  1196 | D:1      | Prayed at the altar of an unknown god.
  1196 | D:1      | Became a worshipper of Sif Muna the Loreminder
  1196 | D:1      | Reached * piety under Sif Muna
  1197 | D:1      | Fell from the grace of Sif Muna
  1441 | D:2      | Reached XP level 4. HP: 27/29 MP: 2/4
  2227 | D:2      | Identified the +8 dagger "Luemp" {pain, *Corrode rN+ Int+8
                  | Dex-2}
  2260 | D:3      | Noticed Natasha
  2276 | D:2      | Killed Natasha
  2277 | D:2      | Reached XP level 5. HP: 31/33 MP: 5/5
  3129 | D:4      | Noticed Edmund
  3133 | D:4      | Noticed Robin
  3146 | D:4      | Gained mutation: You are dopey. (Int -2) [potion of
                  | mutation]
  3158 | D:4      | Killed Edmund
  3159 | D:4      | Reached XP level 6. HP: 3/39 MP: 0/6
  3159 | D:4      | HP: 1/39 [Robin/+0 spear (2)]
  3159 | D:4      | Slain by a goblin

Illustrated notes

Levels and vault maps discovered:
D:1:      psy_arrival_dodecagon, layout_loops_ring,
          hellmonk_ecumenical_altar_leap_of_faith, minmay_box_of_dots
D:2:      layout_basic, nrook_mini_backslash
D:3:      layout_rooms, serial_bayou, serial_bayou_crossing,
          serial_bayou_pond_e, serial_bayou_shore_a, serial_bayou_pond_b,
          uniq_natasha
D:4:      layout_basic, mainiacjoe_overflow_small_starburst, serial_park_tiny_1,
          uniq_edmund, uniq_robin

Skill      XL: |  1  2  3  4 |
---------------+-------------+-----
Armour         | 4 |  4.7
Fighting       | 4 |  4.6
Shields        | 4 |  4.6
Maces & Flails | 3 |  3.6

Action                   |  1- 3 |  4- 6 || total
-------------------------+-------+-------++-------
Melee: Flail             |   107 |   103 ||   210
Invok: Renounce Religion |     1 |       ||     1
  Use: Potion            |     3 |     5 ||     8
       Scroll            |     1 |     6 ||     7
Armor: Scale mail        |    64 |    68 ||   132
Dodge: Dodged            |    47 |    62 ||   109
Block: Buckler           |    26 |    29 ||    55

Table legend: (Time is in decaauts)
 A = Elapsed time spent in this place.
 B = Non-inter-level travel time spent in this place.
 C = Inter-level travel time spent in this place.
 D = Time resting spent in this place.
 E = Time spent auto-exploring this place.
 F = Levels seen in this place.
 G = Mean time per level.
                   A        B        C        D        E       F      G
               +--------+--------+--------+--------+--------+-----+--------+
         Total |   3240 |   3076 |    164 |     21 |   2483 |   4 |  810.0 |
       Dungeon |   3240 |   3076 |    164 |     21 |   2483 |   4 |  810.0 |
               +--------+--------+--------+--------+--------+-----+--------+

Top non-repeatable levels by time:
     D:1: 1228 daAuts
     D:2: 1096 daAuts
     D:3: 835 daAuts
     D:4: 80 daAuts
